 Dungeon Crawl Stone Soup version 0.27-a0-1277-g3808f8b1c9 (webtiles) character file.

Game seed: 16478654965309135437

164 Glokmah the Digger (level 5, -4/30 HPs)
             Began as a Gargoyle Earth Elementalist on June 12, 2021.
             Was an Initiate of Vehumet.
             Splashed by Ijyb's acid (13 damage)
             ... on level 4 of the Dungeon.
             The game lasted 00:06:05 (2835 turns).

Glokmah the Digger (Gargoyle Earth Elementalist)    Turns: 2835, Time: 00:06:06

Health: -4/30      AC:  6    Str: 12      XL:     5   Next: 45%
Magic:  7/8        EV: 11    Int: 15 (16) God:    Vehumet [......]
Gold:   103        SH:  0    Dex:  9 (10) Spells: 3/9 levels left

rFire    . . .     SeeInvis .   a - +2 dagger (venom)
rCold    . . .     Faith    .   (no shield)
rNeg     + . .     Spirit   .   c - +0 robe
rPois    ∞         Reflect  .   (no helmet)
rElec    +         Harm     .   (no cloak)
rCorr    .         Rampage  .   (no gloves)
Will     .....                  (no boots)
Stlth    ++........             (no amulet)
HPRegen  0.10/turn              (no ring)
MPRegen  0.11/turn              (no ring)

@: no status effects
A: sickness immunity, AC +4, negative energy resistance 1, electricity
resistance, torment resistance 1, petrification resistance
a: Renounce Religion


You were on level 4 of the Dungeon.
You worshipped Vehumet.
Vehumet was noncommittal.
You visited 1 branch of the dungeon, and saw 4 of its levels.

You collected 103 gold pieces.

Inventory:

Hand Weapons
 a - a +2 dagger of venom (weapon)
 j - a +0 spear
Missiles
 b - 24 stones
 d - a throwing net
 g - 7 javelins
 l - 7 datura-tipped darts
Armour
 c - a +0 robe (worn)
Jewellery
 o - an amulet of guardian spirit
Wands
 q - a wand of flame (19)
Scrolls
 e - a scroll of teleportation {unknown}
 f - a scroll of fear {unknown}
 h - a scroll of magic mapping {unknown}
 i - a scroll of enchant armour {unknown}
 k - a scroll of enchant weapon {unknown}
 m - 4 scrolls of identify {unknown}
 r - a scroll of summoning {unknown}
Potions
 n - a potion of mutation {unknown}
 p - 2 potions of brilliance {unknown}


   Skills:
 + Level 1.9 Fighting
 + Level 1.7 Armour
 - Level 1.5 Dodging
 - Level 2.1 Stealth
 + Level 2.5 Spellcasting
 * Level 2.0 Conjurations
 + Level 1.6 Transmutations
 * Level 4.7 Earth Magic


You had 3 spell levels left.
You knew the following spells:

 Your Spells              Type           Power      Damage    Failure   Level
a - Sandblast             Erth           32%        2d9       3%          1
b - Passwall              Tmut/Erth      9%         N/A       9%          2
c - Stone Arrow           Conj/Erth      24%        3d8       16%         3

Your spell library contained the following spells:

 Spells                   Type           Power      Damage    Failure   Level
 Petrify                  Tmut/Erth      11%        N/A       50%         4
 Lee's Rapid Deconstruct  Erth           8%         3d8*      63%         5


Dungeon Overview and Level Annotations

Branches:
Dungeon (4/15)
 Temple: D:4-7

Altars:
Vehumet

Annotations:
D:3 2 transporters, sm0rk's ghost, amateur HOGl
D:4 Ijyb


Innate Abilities, Weirdness & Mutations

You are immune to sickness and miasma.
Your stone body is resilient. (AC +4)
You are immune to poison.
You resist negative energy. (rN+)
You are resistant to electric shocks. (rElec)
You are resistant to unholy torment.
You are immune to petrification.


Message History

You kill the frilled lizard!
Vehumet accepts your kill.
You see here a frilled lizard corpse.
Okay, then.
You can't see any susceptible monsters within range! (Use Z to cast anyway.)
Things that are here:
a +0 whip; 2 boomerangs Partly explored, unvisited transporter.
Partly explored, unvisited transporter.
There is a stone staircase leading down here.
You climb downwards.
Found an escape hatch in the ceiling.
There is a stone staircase leading up here.
You climb upwards.
Level annotation: 2 transporters, sm0rk's ghost, amateur HOGl
There is a stone staircase leading down here.
There is a stone staircase leading down here.
You climb downwards.
A quokka comes into view.
Found 7 gold pieces.
There is a stone staircase leading up here.
Ijyb the Twisted Goblin comes into view.
She is wielding a +0 club and carrying a wand of acid (9).
You see here 7 gold pieces.
Ijyb shouts!
Found a scroll labelled XALOX DAOHECWU and a ring mail.
Casting: Stone Arrow (quite dangerous; 16% risk of failure)
Confirm with . or Enter, or press ? or * to list all spells.
Aiming: Sandblast (safe; 3% risk of failure)
Press: ? - help, Shift-Dir - straight line, f - Ijyb
Aim: Ijyb, wielding a +0 club, wearing a +0 leather armour and carrying a wand of acid (9) (74% to hit)
The blast of sand hits Ijyb!
Ijyb is heavily wounded.
Ijyb zaps a wand.
The bolt of acid hits the quokka!
The quokka is splashed with acid.
The quokka dies!
The bolt of acid hits you!!
Ouch! That really hurt!
* * * LOW HITPOINT WARNING * * *
You are splashed with acid!
You die...

...........
.........# .
#........######
..##..............
....... ?.........
.......##.......#
####....#...g...#
.......<$@......#
................+
..####.#........#
..............
..............[.
####.###.#######
#. #.# #. #.#


You could see Ijyb.

Vanquished Creatures
  An orc priest (D:3)
  An orc wizard (D:3)
  3 adders (D:2)
  A gnoll (D:1)
  A dart slug (D:2)
  7 orcs (D:3)
  4 ball pythons
  7 endoplasms
  4 giant cockroaches
  3 goblins (D:1)
  4 hobgoblins
  5 jackals
  2 quokkas
  5 bats
  2 frilled lizards
  5 kobolds
  8 rats
63 creatures vanquished.

Vanquished Creatures (others)
  A quokka (D:4)
1 creature vanquished.

Grand Total: 64 creatures vanquished

Notes
Turn   | Place    | Note
-------+----------+-------------------------------------------
     0 | D:1      | Glokmah the Gargoyle Earth Elementalist began the quest for
                  | the Orb.
     0 | D:1      | Reached XP level 1. HP: 10/10 MP: 3/3
   176 | D:1      | Reached skill level 1 in Transmutations
   176 | D:1      | Reached XP level 2. HP: 16/16 MP: 0/5
   547 | D:1      | Learned a level 2 spell: Passwall
   569 | D:1      | Reached skill level 4 in Earth Magic
   569 | D:1      | Reached XP level 3. HP: 15/20 MP: 3/6
   700 | D:1      | Reached skill level 1 in Fighting
   897 | D:1      | Learned a level 3 spell: Stone Arrow
  1033 | D:2      | Reached skill level 1 in Armour
  1354 | D:2      | Reached XP level 4. HP: 25/25 MP: 5/7
  1428 | D:2      | Found a faded altar of an unknown god.
  1476 | D:2      | Reached skill level 1 in Conjurations
  1925 | D:3      | Found a transporter.
  2117 | D:3      | Reached XP level 5. HP: 14/30 MP: 2/8
  2214 | D:3      | Found a radiant altar of Vehumet.
  2222 | D:3      | Became a worshipper of Vehumet
  2681 | D:3      | Noticed sm0rk's ghost (amateur HOGl)
  2697 | D:3      | Found a transporter.
  2831 | D:4      | Noticed Ijyb
  2835 | D:4      | Splashed by Ijyb's acid

Illustrated notes

Levels and vault maps discovered:
D:1:      giann_bridges, layout_loops_ring, minivault_26
D:2:      layout_rooms, shapermc_ecumenical_altar_mp_vishouse,
          minmay_heptomino_h4
D:3:      layout_rooms, nicolae_vehumet_radiance, gammafunk_ghost_arena
D:4:      layout_basic, amcnicky_altar_gilded, nicolae_overflow_crystal_walls,
          uniq_sigmund, uniq_ijyb

Skill      XL: |  1  2  3  4  5 |
---------------+----------------+-----
Transmutations | 1 |  1.6
Earth Magic    | 4 |  4.7
Fighting       | 1 |  1.9
Armour         | 1 |  1.7
Conjurations   | 1 2 |  2.0
Dodging        | |  1.5
Stealth        | |  2.1
Spellcasting   | |  2.5

Action                   |  1- 3 |  4- 6 || total
-------------------------+-------+-------++-------
Melee: Unarmed           |     1 |       ||     1
       Club              |     4 |       ||     4
       Spear             |    15 |     9 ||    24
       Dagger            |       |    40 ||    40
 Cast: Sandblast         |    37 |    42 ||    79
       Stone Arrow       |       |     2 ||     2
  Use: Potion            |       |     2 ||     2
 Stab: Sleeping          |       |     1 ||     1
Armor: Robe              |    10 |    23 ||    33
Dodge: Dodged            |    16 |    41 ||    57

Table legend: (Time is in decaauts)
 A = Elapsed time spent in this place.
 B = Non-inter-level travel time spent in this place.
 C = Inter-level travel time spent in this place.
 D = Time resting spent in this place.
 E = Time spent auto-exploring this place.
 F = Levels seen in this place.
 G = Mean time per level.
                   A        B        C        D        E       F      G
               +--------+--------+--------+--------+--------+-----+--------+
         Total |   2838 |   2716 |    122 |    160 |   1991 |   4 |  709.5 |
       Dungeon |   2838 |   2716 |    122 |    160 |   1991 |   4 |  709.5 |
               +--------+--------+--------+--------+--------+-----+--------+

Top non-repeatable levels by time:
     D:1: 1026 daAuts
     D:2: 904 daAuts
     D:3: 900 daAuts
     D:4: 7 daAuts
